 Dungeon Crawl Stone Soup version 0.29-a0-352-g0917bc69df (webtiles) character file.

Game seed: 4408635844737329867

385 101zpm the Gusty (level 6, -3/44 HPs)
             Began as a Gnoll Air Elementalist on Apr 24, 2022.
             Slain by Edmund
             ... wielding a +0 vorpal flail
              (9 damage)
             ... on level 4 of the Dungeon.
             The game lasted 00:08:24 (4565 turns).

101zpm the Gusty (Gnoll Air Elementalist)           Turns: 4565, Time: 00:08:25

Health: -3/44      AC:  4    Str: 13    XL:     6   Next: 77%
Magic:  14/14      EV: 14    Int: 17    God:
Gold:   194        SH:  0    Dex: 18    Spells: 10/15 levels left

rFire   . . .      SeeInvis .   a - +2 dagger (venom)
rCold   . . .      Faith    .   o - orb {guile}
rNeg    . . .      Spirit   .   q - +1 leather armour {Will+}
rPois   .          Reflect  .   (no helmet)
rElec   .          Harm     .   (no cloak)
rCorr   .          Rampage  .   (no gloves)
Will    .....                   (no boots)
Stlth   +++.......              (no amulet)
HPRegen 0.14/turn               g - +6 ring of strength
MPRegen 0.14/turn               j - +6 ring of dexterity

@: no status effects
A: fangs 1, strong nose, distributed training
a: no special abilities


You were on level 4 of the Dungeon.
You visited 1 branch of the dungeon, and saw 4 of its levels.

You collected 194 gold pieces.

Inventory:

Hand Weapons
 a - a +2 dagger of venom (weapon)
Armour
 o - an orb of guile (worn)
 q - a +1 leather armour of willpower (worn)
Jewellery
 g - a +6 ring of strength (left hand)
 j - a +6 ring of dexterity (right hand)
Scrolls
 e - 2 scrolls of identify {unknown}
 f - a scroll of immolation {unknown}
 h - a scroll of noise {unknown}
 i - a scroll of enchant armour {unknown}
 k - a scroll of holy word {unknown}
 n - a scroll of magic mapping {unknown}
Potions
 b - a potion of magic
 c - a potion of lignification {unknown}
 d - 2 potions of curing {unknown}
 l - a potion of invisibility {unknown}
 m - a potion of might {unknown}
 p - a potion of brilliance {unknown}


   Skills:
 + Level 2.1 Fighting
 + Level 2.1 Short Blades
 + Level 2.1 Long Blades
 + Level 2.1 Axes
 + Level 2.1 Maces & Flails
 + Level 2.1 Polearms
 + Level 2.1 Staves
 + Level 2.1 Slings
 + Level 2.1 Bows
 + Level 2.1 Crossbows
 + Level 2.1 Throwing
 + Level 2.1 Armour
 + Level 5.0 Dodging
 + Level 4.7 Stealth
 + Level 2.1 Shields
 + Level 2.1 Unarmed Combat
 + Level 5.4 Spellcasting
 + Level 2.7 Conjurations
 + Level 1.6 Hexes
 + Level 1.6 Summonings
 + Level 1.6 Necromancy
 + Level 1.6 Translocations
 + Level 1.6 Transmutations
 + Level 1.6 Fire Magic
 + Level 1.6 Ice Magic
 + Level 5.7 Air Magic
 + Level 1.6 Earth Magic
 + Level 1.6 Poison Magic
 + Level 2.3 Invocations
 + Level 2.1 Evocations


You had 10 spell levels left.
You knew the following spells:

 Your Spells              Type           Power      Damage    Failure   Level
a - Shock                 Conj/Air       76%        1d7       3%          1
b - Airstrike             Air            12%        N/A       16%         4

Your spell library contained the following spells:

 Spells                   Type           Power      Damage    Failure   Level
 Static Discharge         Conj/Air       19%        N/A       4%          2
 Swiftness                Air            24%        N/A       4%          3
 Beastly Appendage        Tmut           20%        N/A       9%          1
 Ensorcelled Hibernation  Hex/Ice        20%        N/A       13%         2
 Passwall                 Tmut/Erth      8%         N/A       13%         2
 Wereblood                Tmut           10%        N/A       13%         2
 Inner Flame              Hex/Fire       10%        N/A       26%         3
 Spider Form              Tmut/Pois      10%        N/A       26%         3
 Cause Fear               Hex            5%         N/A       65%         4
 Discord                  Hex            5%         N/A       100%        8


Dungeon Overview and Level Annotations

Branches:
Dungeon (4/15)
 Temple: D:4-7

Altars:
Sif Muna

Annotations:
D:4 Edmund


Innate Abilities, Weirdness & Mutations

You have very sharp teeth.
Your uncanny sense of smell can sniff out nearby items.
Your experience applies equally to all skills.


Message History

Unknown command.
(D) Dungeon
Where to? (Enter - D:1 @ (x,y), ? - help)
What level of the Dungeon? (default 1, ? - help)
There is a stone staircase leading down here.
You climb downwards.
There is a stone staircase leading up here.
There is an open door here.
There is a stone staircase leading down here.
You climb downwards.
There is a stone staircase leading up here.
There is an open door here.
You see here a quokka skeleton.
There is a stone staircase leading down here.
You climb downwards.
Level annotation: Edmund Edmund hits you with a +0 vorpal flail.
Edmund barely misses you.
There is a stone staircase leading up, spattered with blood here.
Edmund barely misses you.
You climb upwards.
There is a stone staircase leading down here.
Things that are here:
a +0 rapier; a +0 robe; the human skeleton of Eustachio Edmund attacks as you move away!
Edmund barely misses you. Edmund attacks as you move away!
Edmund barely misses you. Edmund attacks as you move away!
Edmund hits you with a +0 vorpal flail. Edmund attacks as you move away!
Edmund hits you but does no damage. Edmund attacks as you move away!
Edmund hits you with a +0 vorpal flail. Edmund attacks as you move away!
Edmund hits you with a +0 vorpal flail! Edmund attacks as you move away!
Edmund hits you with a +0 vorpal flail. Edmund attacks as you move away!
Edmund hits you with a +0 vorpal flail!
* * * LOW HITPOINT WARNING * * *
x2 Edmund attacks as you move away!
Edmund hits you but does no damage.
There is a stone staircase leading down here.
Edmund misses you.
You climb downwards.
Found a stone staircase leading down.
There is a stone staircase leading up here.
Edmund attacks as you move away! Edmund hits you with a +0 vorpal flail!
You die... .#..... #........ #.>...... .## ##........ ....###.....h... ..............
PP..........

PP.@........
♣PP@<.......
P.P.........
♣PP.........
♣...###......
...## ...r..
#... .##.##
### # .# #


You could see Edmund, a hound (asleep) and a quokka (asleep).

Vanquished Creatures
  Eustachio (D:3)
  A black bear (D:4)
  An iguana (D:4)
  6 adders
  A worm (D:2)
  6 dart slugs
  An orc (D:4)
  6 bats
  6 endoplasms
  4 giant cockroaches
  10 goblins
  4 hobgoblins
  2 jackals (D:1)
  5 kobolds
  4 quokkas
  3 ball pythons
  3 frilled lizards (D:1)
  9 rats
73 creatures vanquished.

Notes
Turn   | Place    | Note
-------+----------+-------------------------------------------
     0 | D:1      | 101zpm the Gnoll Air Elementalist began the quest for the
                  | Orb.
     0 | D:1      | Reached XP level 1. HP: 13/13 MP: 6/6
    91 | D:1      | You fall into a shaft and drop 1 floor!
   208 | D:1      | Reached XP level 2. HP: 19/19 MP: 5/7
   499 | D:1      | Found a faded altar of an unknown god.
   633 | D:1      | Reached XP level 3. HP: 25/25 MP: 2/9
   674 | D:1      | Reached skill level 5 in Spellcasting
  1358 | D:2      | Reached skill level 1 in Invocations
  1463 | D:2      | Reached skill level 1 in Fighting
  1463 | D:2      | Reached skill level 1 in Short Blades
  1463 | D:2      | Reached skill level 1 in Long Blades
  1463 | D:2      | Reached skill level 1 in Axes
  1463 | D:2      | Reached skill level 1 in Maces & Flails
  1463 | D:2      | Reached skill level 1 in Polearms
  1463 | D:2      | Reached skill level 1 in Staves
  1463 | D:2      | Reached skill level 1 in Slings
  1463 | D:2      | Reached skill level 1 in Bows
  1463 | D:2      | Reached skill level 1 in Crossbows
  1463 | D:2      | Reached skill level 1 in Throwing
  1463 | D:2      | Reached skill level 1 in Armour
  1463 | D:2      | Reached skill level 1 in Shields
  1463 | D:2      | Reached skill level 1 in Unarmed Combat
  1463 | D:2      | Reached skill level 1 in Evocations
  1523 | D:2      | Reached XP level 4. HP: 32/32 MP: 6/11
  2117 | D:2      | Reached skill level 1 in Hexes
  2117 | D:2      | Reached skill level 1 in Summonings
  2117 | D:2      | Reached skill level 1 in Necromancy
  2117 | D:2      | Reached skill level 1 in Translocations
  2117 | D:2      | Reached skill level 1 in Transmutations
  2117 | D:2      | Reached skill level 1 in Fire Magic
  2117 | D:2      | Reached skill level 1 in Ice Magic
  2117 | D:2      | Reached skill level 1 in Earth Magic
  2117 | D:2      | Reached skill level 1 in Poison Magic
  2817 | D:3      | Found a shimmering blue altar of Sif Muna.
  3380 | D:3      | Reached XP level 5. HP: 37/37 MP: 10/12
  3723 | D:4      | Noticed Eustachio
  3744 | D:3      | Learned a level 4 spell: Airstrike
  3759 | D:3      | Killed Eustachio
  3760 | D:3      | Reached XP level 6. HP: 27/44 MP: 6/13
  3956 | D:4      | Noticed a black bear
  3966 | D:4      | Killed a black bear
  3967 | D:4      | Reached skill level 5 in Dodging
  4341 | D:4      | Noticed Edmund
  4565 | D:4      | Slain by Edmund

Illustrated notes

Levels and vault maps discovered:
D:1:      zelgadis_glass_arrival_small, layout_basic,
          shapermc_ecumenical_altar_mp_ritualfount, minmay_indecisive_spiral
D:2:      layout_loops_corners, minmay_close_crescents, uniq_crazy_yiuf_cottage
D:3:      layout_loops_corners, led_sif_pool, hangedman_decor_growths,
          small_statue_intersection, roderic_lattice_a, solitary_fountain,
          minmay_stone_trees_large
D:4:      layout_rooms, kennysheep_mini_moat, biasface_ghost_orc_armoury,
          serial_forest, infiniplex_forest_straight_1,
          infiniplex_forest_lined_2, infiniplex_forest_corner_2,
          infiniplex_forest_lined_ring, infiniplex_forest_lined_2,
          infiniplex_forest_pool, infiniplex_forest_clump_diagonal,
          infiniplex_forest_clump_medium, infiniplex_forest_end_3, uniq_sigmund,
          uniq_edmund, uniq_eustachio

Skill      XL: |  1  2  3  4  5  6 |
---------------+-------------------+-----
Conjurations   | 2 |  2.7
Spellcasting   | 5 |  5.4
Invocations    | 1 2 |  2.3
Fighting       | 1 2 |  2.1
Short Blades   | 1 2 |  2.1
Long Blades    | 1 2 |  2.1
Axes           | 1 2 |  2.1
Maces & Flails | 1 2 |  2.1
Polearms       | 1 2 |  2.1
Staves         | 1 2 |  2.1
Slings         | 1 2 |  2.1
Bows           | 1 2 |  2.1
Crossbows      | 1 2 |  2.1
Throwing       | 1 2 |  2.1
Armour         | 1 2 |  2.1
Shields        | 1 2 |  2.1
Unarmed Combat | 1 2 |  2.1
Evocations     | 1 2 |  2.1
Hexes          | 1 |  1.6
Summonings     | 1 |  1.6
Necromancy     | 1 |  1.6
Translocations | 1 |  1.6
Transmutations | 1 |  1.6
Fire Magic     | 1 |  1.6
Ice Magic      | 1 |  1.6
Earth Magic    | 1 |  1.6
Poison Magic   | 1 |  1.6
Dodging        | 5 |  5.0
Stealth        | |  4.7
Air Magic      | |  5.7

Action                   |  1- 3 |  4- 6 || total
-------------------------+-------+-------++-------
 Cast: Shock             |    75 |    92 ||   167
       Airstrike         |       |     5 ||     5
Armor: Robe              |     2 |     2 ||     4
       Leather armour    |       |     2 ||     2
Dodge: Dodged            |     1 |    28 ||    29

Table legend: (Time is in decaauts)
 A = Elapsed time spent in this place.
 B = Non-inter-level travel time spent in this place.
 C = Inter-level travel time spent in this place.
 D = Time resting spent in this place.
 E = Time spent auto-exploring this place.
 F = Levels seen in this place.
 G = Mean time per level.
                   A        B        C        D        E       F      G
               +--------+--------+--------+--------+--------+-----+--------+
         Total |   4572 |   4430 |    142 |    572 |   3442 |   4 | 1143.0 |
       Dungeon |   4572 |   4430 |    142 |    572 |   3442 |   4 | 1143.0 |
               +--------+--------+--------+--------+--------+-----+--------+

Top non-repeatable levels by time:
     D:3: 1498 daAuts
     D:2: 1295 daAuts
     D:1: 1291 daAuts
     D:4: 486 daAuts
